 Dungeon Crawl Stone Soup version 0.30-a0-743-gbfdf073431 (webtiles) character file.

Game seed: 5100411727218201943

1 M4edhros the Sneak (level 1, -8/16 HPs)
             Began as an Octopode Delver on Feb 7, 2023.
             Mangled by a gnoll
             ... wielding a +0 club
              (9 damage)
             ... on level 6 of the Dungeon.
             The game lasted 00:00:08 (37 turns).

M4edhros the Sneak (Octopode Delver)                  Turns: 37, Time: 00:00:09

Health: -8/16      AC:  1    Str: 11    XL:     1   Next: 20%
Magic:  1/1        EV: 13    Int: 12    God:
Gold:   10         SH:  0    Dex: 13    Spells: 0/0 levels left

rFire   . . .      SeeInvis .      - Unarmed
rCold   . . .      Faith    .    (no shield)
rNeg    . . .      Spirit   .    (helmet restricted)
rPois   .          Reflect  .    (no amulet)
rElec   .          Harm     .    (no ring)
rCorr   .          Rampage  .    (no ring)
Will    .....                    (no ring)
Stlth   ++++                     (no ring)
HPRegen 0.22/turn                (no ring)
MPRegen 0.07/turn                (no ring)
                                 (no ring)
                                 (no ring)

@: no status effects
A: almost no armour, amphibious, 8 rings, camouflage 1, gelatinous body 1,
(nimble swimmer 1), tentacles
a: no special abilities


You were on level 6 of the Dungeon.
You visited 1 branch of the dungeon, and saw 2 of its levels.

You collected 10 gold pieces.

Inventory:

Wands
 e - a wand of digging (3)
Scrolls
 a - a scroll of fog
 b - a scroll of magic mapping
 c - a scroll of fear
 f - a scroll of identify {unknown}
Potions
 d - a potion of haste


   Skills:
 - Level 3.0 Fighting
 - Level 2.0 Dodging
 - Level 6.6 Stealth
 + Level 2.1 Unarmed Combat


You couldn't memorise any spells.
You didn't know any spells.
Your spell library contained the following spells:

 Spells                   Type           Power      Damage    Failure   Level
 Sandblast                Erth           0%         2d4       32%         1
 Passwall                 Tmut/Erth      0%         N/A       45%         2
 Stone Arrow              Conj/Erth      0%         3d7       69%         3


Dungeon Overview and Level Annotations

Branches:
Dungeon (6/15)
 Temple: D:4-7

Altars:


Innate Abilities, Weirdness & Mutations

You cannot wear most types of armour.
You are amphibious.
You can wear up to eight rings at the same time.
Your skin changes colour to match your surroundings (Stealth+).
Your rubbery body absorbs attacks. (AC +1, EV +1)
((You are camouflaged when in or above water. (Stealth+)))
You have tentacles for arms and can constrict up to eight enemies at once.


Message History

You constrict the jackal.
The gnoll bouda barks out a call to the hunt!
The gnoll picks up the pace!
The jackal barely misses you.
You hear a shout!
You tentacle-slap the jackal but do no damage.
You tentacle-slap the jackal, but do no damage.
The jackal is heavily wounded.
You constrict the jackal.
A jackal comes into view.
The jackal bites you.
The gnoll bouda gazes fiercely through you!
You feel your attacks grow feeble. The jackal bites you.
The jackal bites you but does no damage.
You release your grip on the jackal.
The jackal bites you.
There is a stone staircase leading down here.
The jackal closely misses you.
The jackal bites you but does no damage.
The gnoll hits you with a +0 club!
* * * LOW HITPOINT WARNING * * *
You climb downwards.
There is a stone staircase leading up here.
You tentacle-slap the jackal. You grab the jackal.
The jackal is almost dead.
Your attacks no longer feel as feeble.
You constrict the jackal.
You kill the jackal!
The jackal misses you. The jackal barely misses you.
Unknown command.
You tentacle-slap the jackal but do no damage.
You grab the jackal. You constrict the jackal. The gnoll closely misses you.
The jackal barely misses you.
Unknown command.
You barely miss the gnoll. Your grab misses the gnoll.
You constrict the jackal. The jackal bites you.
* * * LOW HITPOINT WARNING * * *
The gnoll hits you with a +0 club!
Ouch! That really hurt!
You die...

###
..#
#.#
#.#
#h#
#@#
#g#
#.#
#.#
..#
###


You could see a gnoll (swift) and a jackal.

Vanquished Creatures
  A jackal (D:6)
1 creature vanquished.

Notes
Turn   | Place    | Note
-------+----------+-------------------------------------------
     0 | D:5      | M4edhros the Octopode Delver began the quest for the Orb.
     0 | D:5      | Reached XP level 1. HP: 16/16 MP: 1/1
    28 | D:5      | Noticed a gnoll bouda
    37 | D:6      | Mangled by a gnoll

Illustrated notes

Levels and vault maps discovered:
D:5:      layout_cave_pools, grunt_temple_overflow_cloverleaf,
          serial_gnoll_camp, gnoll_camp_medium_02, gnoll_camp_mini_loothouse,
          gnoll_camp_huts_basic, gnoll_camp_mini_hut, gnoll_camp_mini_hut
D:6:      layout_loops_cross, minmay_temple_entry_tees

Action                     || total
---------------------------++-------
  Melee: Unarmed           ||     7
         Constrict         ||     3
         Punch             ||     1
 Armour: Skin              ||     2
  Dodge: Dodged            ||     7

Table legend: (Time is in decaauts)
 A = Elapsed time spent in this place.
 B = Non-inter-level travel time spent in this place.
 C = Inter-level travel time spent in this place.
 D = Time resting spent in this place.
 E = Time spent auto-exploring this place.
 F = Levels seen in this place.
 G = Mean time per level.
                   A        B        C        D        E       F      G
               +--------+--------+--------+--------+--------+-----+--------+
         Total |     36 |     36 |      0 |      0 |     22 |   2 |   18.0 |
       Dungeon |     36 |     36 |      0 |      0 |     22 |   2 |   18.0 |
               +--------+--------+--------+--------+--------+-----+--------+

Top non-repeatable levels by time:
     D:5: 33 daAuts
     D:6: 2 daAuts
